 Dungeon Crawl Stone Soup version 0.24-a0-528-g98e85ec (webtiles) character file.

Game seed: 17424722892779176341

198456 Dorkslayer the Blocker (level 18, -7/145 HPs)
             Began as a Demonspawn Abyssal Knight on Aug 4, 2019.
             Was the Champion of Lugonu.
             Killed from afar by an iron dragon (51 damage)
             ... with a spray of metal splinters
             ... on level 2 of the Depths.
             The game lasted 03:37:18 (24883 turns).

Dorkslayer the Blocker (Demonspawn Abyssal Knight) Turns: 24883, Time: 03:37:19

Health: -7/145     AC: 26    Str: 25    XL:     18   Next: 21%
Magic:  28/28      EV: 17    Int: 19    God:    Lugonu [******]
Gold:   92         SH: 21    Dex: 14    Spells: 17/17 levels left

rFire    + + +     SeeInvis +   P - +4 broad axe of Imbalance {elec, MR+}
rCold    . . .     Gourm    .   R - +2 shield {rF+}
rNeg     . . .     Faith    .   q - +2 plate armour {rF+}
rPois    +         Spirit   .   B - +2 hat {SInv}
rElec    .         Reflect  +   L - +2 cloak {MR+}
rCorr    .         Harm     .   (gloves unavailable)
MR       +++..                  W - +4 pair of boots of the Will of the Gods {rPois Regen+ Int+4}
Stlth    ..........             f - +5 amulet of reflection
HPRegen  0.74/turn              S - +5 ring of strength
MPRegen  0.21/turn              k - +4 ring of evasion

@: lethally poisoned (-7 -> -8)
A: claws 3, horns 1, clever 1, demonic guardian 2, fire resistance 1, spiny 2,
sturdy frame 3
a: Depart the Abyss, Bend Space, Banish, Corrupt, Enter the Abyss, Brand Weapon
With Distortion, Renounce Religion


You were on level 2 of the Depths.
You worshipped Lugonu.
Lugonu was exalted by your worship.
You were not hungry.

You visited 5 branches of the dungeon, and saw 26 of its levels.
You visited the Abyss 1 time.
You also visited: Bailey, Gauntlet and Volcano.

You collected 3579 gold pieces.
You spent 3487 gold pieces at shops.

Inventory:

Hand Weapons
 I - a +3 scimitar of flaming
 P - the +4 broad axe of Imbalance (weapon) {elec, MR+}
   (You found it on level 4 of the Lair of Beasts)

   Occasionally, upon striking a foe, it will discharge some electrical energy
   and cause terrible harm.
   It affects your resistance to hostile enchantments.
Missiles
 e - 73 boomerangs
 H - 19 javelins
 U - 12 silver javelins (quivered)
Armour
 o - a +1 cloak of fire resistance
 q - a +2 plate armour of fire resistance (worn)
 B - a +2 hat of see invisible (worn)
 L - a +2 cloak of magic resistance (worn)
 R - a +2 shield of fire resistance (worn)
 V - the +0 pair of boots of Hairiness {rC+ Str+2}
   (You found it in a Gauntlet)

   It affects your strength (+2).
   It protects you from cold.
 W - the +4 pair of boots of the Will of the Gods (worn) {rPois Regen+ Int+4}
   (You found it in a Gauntlet)

   It affects your intelligence (+4).
   It protects you from poison.
   It increases your rate of regeneration.
Jewellery
 d - an uncursed ring of protection from cold
 f - a +5 amulet of reflection (around neck)
 h - the ring of Incredulity {Fire +Blink rPois Str+2}
   (You bought it in a shop on level 2 of the Orcish Mines)

   [ring of fire]

   It enhances your fire magic.
   It affects your strength (+2).
   It protects you from fire.
   It makes you vulnerable to cold.
   It protects you from poison.
   It lets you blink.
 k - a +4 ring of evasion (right claw)
 K - an uncursed ring of flight
 S - a +5 ring of strength (left claw)
Wands
 a - a wand of polymorph (9)
 x - a wand of flame (63)
 y - a wand of paralysis (12)
Scrolls
 g - a scroll of amnesia
 i - 4 scrolls of fear
 l - 3 scrolls of identify
 n - a scroll of summoning
 s - 14 scrolls of remove curse
 t - a scroll of silence
 v - 2 scrolls of fog
 z - 16 scrolls of teleportation
 C - 6 scrolls of blinking
 E - a scroll of torment
 F - 4 scrolls of magic mapping
 M - 2 scrolls of immolation
Potions
 b - 8 potions of curing
 j - 5 potions of ambrosia
 m - a potion of resistance
 r - a potion of magic
 u - 5 potions of flight
 w - a potion of agility
 J - 3 potions of mutation
 Q - 3 potions of berserk rage
Miscellaneous
 p - a phial of floods
Comestibles
 c - 51 rations
 A - 14 chunks of flesh


   Skills:
 * Level 13.8 Fighting
 + Level 1.1 Long Blades
 + Level 13.8 Axes
 + Level 5.7 Throwing
 + Level 9.0 Armour
 + Level 6.4 Dodging
 * Level 14.3 Shields
 * Level 13.6 Invocations
 * Level 10.8 Evocations


You had 17 spell levels left.
You didn't know any spells.
Your spell library contained the following spells:

 Spells                   Type           Power        Failure   Level  Hunger
 Animate Skeleton         Necr           N/A          54%         1    ##.....
 Beastly Appendage        Tmut           #.....       54%         1    ##.....
 Corona                   Hex            #......      54%         1    ##.....
 Infusion                 Chrm           #...         54%         1    ##.....
 Pain                     Necr           #...         54%         1    ##.....
 Sting                    Conj/Pois      #...         54%         1    ##.....
 Ensorcelled Hibernation  Hex/Ice        #.....       67%         2    ###....
 Poisonous Vapours        Pois/Air       #.....       67%         2    ###....
 Shroud of Golubria       Chrm/Tloc      #.....       67%         2    ###....
 Song of Slaying          Chrm           #.......     67%         2    ###....
 Sticks to Snakes         Tmut           #.......     67%         2    ###....
 Confuse                  Hex            #.......     88%         3    ####...
 Dazzling Spray           Conj/Hex       #.....       88%         3    ####...
 Mephitic Cloud           Conj/Pois/Air  #.......     88%         3    ####...
 Regeneration             Chrm/Necr      #.........   88%         3    ####...
 Spectral Weapon          Hex/Chrm       #.......     88%         3    ####...
 Spider Form              Tmut/Pois      #.........   88%         3    ####...
 Tukima's Dance           Hex            #.......     88%         3    ####...
 Vampiric Draining        Necr           #.........   88%         3    ####...
 Animate Dead             Necr           N/A          99%         4    #####..
 Ice Form                 Ice/Tmut       #.......     99%         4    #####..
 Olgreb's Toxic Radiance  Pois           #.......     99%         4    #####..
 Blade Hands              Tmut           #.........   100%        5    ######.
 Bolt of Magma            Conj/Fire/Erth #.........   100%        5    ######.
 Irradiate                Conj/Tmut      #.........   100%        5    ######.
 Iskenderun's Battlesphe  Conj/Chrm      #.......     100%        5    ######.
 Venom Bolt               Conj/Pois      #.........   100%        5    ######.
 Hydra Form               Tmut           #.........   100%        6    #######
 Iron Shot                Conj/Erth      #.........   100%        6    #######
 Statue Form              Tmut/Erth      #........    100%        6    #######
 Dragon Form              Tmut           #.........   100%        7    #######
 Orb of Destruction       Conj           #.........   100%        7    #######
 Spellforged Servitor     Conj/Summ      #.........   100%        7    #######


Dungeon Overview and Level Annotations

Branches:
Dungeon (15/15)            Temple (0/1) D:4            Lair (6/6) D:10
  Swamp (1/4) Lair:2       Spider (0/4) Lair:4        Slime (0/5) Lair:6
    Orc (2/2) D:12            Elf (0/3) Orc:2        Vaults (0/5) D:14
 Depths (2/5) D:15

Altars:
Cheibriados
Dithmenos
Elyvilon
Fedhas
Gozag
Nemelex Xobeh
Qazlal
Ru
Trog
Uskayaw
Wu Jian
Xom
Yredelemnul
Zin
The Shining One
Beogh

Shops:
D:12 *   Orc:1 =   Orc:2 =([!   Depths:2 **

Portals:
Hell: Depths:1 Depths:2
Pandemonium: Depths:1 Depths:2
Ziggurat: Depths:1


Innate Abilities, Weirdness & Mutations

You have claws for hands.
A demonic guardian rushes to your aid.
Your flesh is heat resistant. (rF+)
You are mostly covered in sharp spines.
Your movements are significantly less encumbered by armour. (ER -6)
You have a pair of small horns on your head.
Your mind is acute. (Int +2)


Message History

You hit the iron dragon but do no damage.
Your headbutt misses the iron dragon.
The iron dragon is severely wounded.
You slash the tengu reaver! You hit the fire giant.
You block the fire giant's attack. You block the iron dragon's attack.
The iron dragon claws you!
The iron dragon tramples you but does no damage.
The vampire knight mumbles some strange words.
The vampire knight flickers and vanishes for a moment.
The tengu reaver hits you but does no damage.
You block the tengu reaver's attack. The tengu reaver claws you.
You hit the fire giant but do no damage.
You headbutt the fire giant!
The fire giant is severely wounded.
You closely miss the tengu reaver. You hit the iron dragon.
Lightning courses through the iron dragon!!
The fire giant hits you with a +2 great sword of flaming!
The iron dragon breathes metal splinters at you.
The spray of metal splinters hits you!!!
You die...

###.⌠.⌠....≈≈# #.## #.....####.#.
....._..#..≈≈# ##.♣#.....#♣.##.#
....⌠.⌠##..≈≈# #.⌠.##...##.⌠.##.
...........≈≈##. ♣...##.##...♣#.#
..<)[.....≈###'####...###...####)
###[.##...##......##....)..##...(
#......##..*....(##...).##.....
##).†..#.(...Q....#[)..)#......
##[†..##((.VD@..##|...[##...§.
##......##..)C..##...|...##....
###........###)####...#'#...####'
....≈........##(#♣...##.##...♣#.#
...≈≈.##..#.≈#.##.⌠.##...##.⌠.##.
.≈≈≈≈.##..#.≈##.##.♣#.....#♣.##.#
..≈≈≈.###...≈#.#.####.....####.#.
).≈≈≈..#....≈##.#.#.#.....#)#.#.#
.[≈≈≈.###.....##.#.#'.....'#÷#.##


You could see an iron dragon, a fire giant, a tengu reaver, a vampire knight
(invisible) and a battlesphere.

Vanquished Creatures
  The ghost of Saosysh the Slayer, an adept MiBe of Trog (Depths:2)
  A lich (Depths:1)
  Jorgrun (D:15)
  5 tengu reavers
  A shadow dragon (Depths:2)
  2 frost giants (Depths:2)
  4 stone giants
  2 very ugly things (Depths:2)
  A vampire knight (Depths:2)
  Azrael (D:13)
  2 dire elephants (Lair:6)
  Nessos (D:13)
  A minotaur (Gauntlet)
  Snorg (D:11)
  A merfolk javelineer (Depths:2)
  3 ettins (Depths:2)
  4 fire dragons (Depths:1)
  A merfolk impaler (Depths:2)
  A deep elf high priest (Depths:2)
  2 great orbs of eyes (Depths:1)
  Erolcha (Orc:1)
  3 ice dragons (Depths:2)
  A rakshasa (D:12)
  4 hydras
  A catoblepas (Lair:6)
  A spriggan air mage (Depths:2)
  13 two-headed ogres
  A centaur warrior (Depths:1)
  A deep troll shaman (Depths:2)
  4 ogre magi
  The ghost of Zymi the Destroyer, a journeyman DECj of Vehumet (Lair:2)
  A death yak (Lair:6)
  A deep troll earth mage (Depths:2)
  A vampire mage (Depths:1)
  A dancing weapon (Lair:2)
  6 tengu warriors
  A fire crab (shapeshifter) (D:12)
  Psyche (D:11)
  A spriggan berserker (Depths:2)
  A sixfirhy (Depths:2)
  A fire crab (Volcano)
  2 deep trolls (Depths:2)
  An infernal demonspawn (Depths:2)
  2 shadow demons
  A gelid demonspawn (Depths:2)
  2 wizards
  A glowing orange brain (D:15)
  An obsidian statue (Depths:2)
  2 lindwurms (Lair:6)
  A lindwurm (shapeshifter) (D:15)
  A wolf spider (shapeshifter) (D:14)
  4 orc knights
  3 manticores
  2 cyclopes
  5 elephants
  21 ugly things
  Maurice (Orc:2)
  3 black mambas
  3 gargoyles
  An eye of devastation (shapeshifter) (D:14)
  A spiny frog (shapeshifter) (D:14)
  A kobold demonologist (D:15)
  2 efreet
  5 spiny frogs
  9 yaktaurs
  2 rime drakes
  A yaktaur (shapeshifter) (D:15)
  2 hellwings
  4 komodo dragons
  An ice devil (Depths:2)
  A freezing wraith (D:14)
  2 meliai
  3 tengu conjurers
  2 red devils (Depths:1)
  10 trolls
  A polar bear (Lair:2)
  A queen bee (D:8)
  Grinder (D:5)
  A tyrant leech (Gauntlet)
  7 blink frogs
  12 slime creatures
  A hornet (D:13)
  9 hippogriffs
  A ynoxinul (Depths:1)
  A shadow (D:14)
  A vampire (D:14)
  A tarantella (shapeshifter) (Depths:2)
  7 redbacks (Depths:1)
  2 water elementals (Depths:2)
  25 yaks
  3 wyverns
  8 wraiths
  A basilisk (Lair:4)
  4 fire bats
  A hog (shapeshifter) (D:12)
  3 fire elementals
  5 hungry ghosts
  A steam dragon (Volcano)
  A vampire mosquito (D:12)
  14 wargs
  A neqoxec (Depths:1)
  3 swamp worms
  2 two-headed ogre zombies (D:12)
  4 acid dragons
  A soldier ant (D:14)
  11 water moccasins
  9 hell hounds
  7 porcupines
  2 swamp drakes (Swamp:1)
  27 orc warriors
  3 ice beasts
  A sky beast (D:6)
  A necrophage (D:6)
  A phantom (D:5)
  2 black bears
  23 ogres
  6 wolves (Lair:1)
  A boggart (shapeshifter) (D:15)
  4 centaurs
  13 crocodiles
  4 big kobolds
  11 bullfrogs
  A troll zombie (D:12)
  5 scorpions
  20 killer bees
  3 wights (D:14)
  An electric eel (Lair:2)
  4 howler monkeys
  10 crimson imps
  5 quasits
  6 jellies
  4 bullfrog skeletons
  10 hounds
  3 bullfrog zombies
  A wyvern simulacrum (D:14)
  10 orc priests
  16 orc wizards
  6 centaur skeletons
  An iguana (D:8)
  8 iron imps
  15 worker ants
  4 ogre zombies (D:12)
  A hound zombie (D:9)
  3 hound skeletons
  5 gnolls
  8 adders
  4 shadow imps
  4 ufetubi
  2 oozes
  4 adder skeletons
  2 worms
  2 dart slugs
  6 leopard geckos
  97 orcs
  2 ball pythons
  4 bats
  6 giant cockroaches
  16 goblins
  7 hobgoblins
  14 jackals
  3 quokkas
  A ball python zombie (D:6)
  7 frilled lizards
  A goblin skeleton (D:12)
  2 goblin zombies (D:12)
  A hobgoblin skeleton (D:12)
  3 hobgoblin zombies
  27 kobolds
  2 kobold skeletons (D:7)
  2 kobold zombies (D:7)
  2 leopard gecko skeletons
  A leopard gecko zombie (D:7)
  3 orc skeletons
  16 orc zombies
  2 quokka skeletons (D:4)
  6 rats
  4 bushes (Lair:3)
  37 fungi
  10 plants
884 creatures vanquished.

Vanquished Creatures (collateral kills)
  Sojobo (Depths:2)
  A titan (Depths:2)
  A tengu reaver (Depths:2)
  3 frost giants (Depths:2)
  2 fire giants (Depths:2)
  An orc warlord (D:10)
  Louise (D:15)
  2 ettins
  Josephine (D:13)
  2 ogre magi
  Fannar (D:11)
  2 fire dragons
  A great orb of eyes (Depths:2)
  2 hydras
  A centaur warrior (D:13)
  13 two-headed ogres
  A deep troll shaman (Depths:2)
  2 death yaks (Lair:6)
  A tengu warrior (Depths:2)
  An orc high priest (Orc:2)
  A sea snake (shapeshifter) (D:15)
  3 deep trolls
  A wizard (D:12)
  A deep elf archer (D:12)
  A lindwurm (Volcano)
  2 cyclopes
  5 ugly things
  A manticore (Lair:6)
  2 centaur zombies
  7 elephants
  A gargoyle (D:10)
  2 spiny frogs (Lair:6)
  A yaktaur (Depths:1)
  A tengu conjurer (Depths:1)
  4 trolls
  2 meliai (Gauntlet)
  A hornet (D:10)
  2 dream sheep (Lair:6)
  A blink frog (Lair:1)
  A slime creature (D:15)
  2 hippogriffs
  A yak (shapeshifter) (Depths:2)
  A redback (Depths:1)
  A water elemental (Depths:2)
  2 wraiths
  A basilisk (Lair:1)
  17 yaks
  2 hungry ghosts
  2 vampire mosquitoes (D:13)
  An acid dragon (D:13)
  3 wargs (D:10)
  6 orc warriors
  Duvessa (D:5)
  A black bear (shapeshifter) (D:14)
  2 phantoms
  13 ogres
  A necrophage (D:6)
  A wolf (Lair:6)
  2 centaurs (D:13)
  A big kobold (D:9)
  A bullfrog (D:14)
  A scorpion (D:4)
  Dowan (D:5)
  9 killer bees (D:8)
  A troll zombie (D:12)
  2 howler monkeys (D:8)
  2 hounds
  2 orc priests
  7 orc wizards
  A worker ant (D:6)
  Natasha (D:3)
  A shadow imp (D:12)
  19 orcs
  A goblin (Bailey)
  6 kobolds
  A quokka (D:12)
  A ball python (D:4)
  A frilled lizard (D:4)
  2 orc zombies (D:12)
201 creatures vanquished.

Vanquished Creatures (others)
  An ice dragon (Depths:2)
  2 centaur warriors (Depths:2)
  A tengu warrior (Depths:2)
  An unseen horror (D:14)
  An ugly thing (Depths:1)
  A tengu conjurer (Depths:2)
  A komodo dragon (D:11)
  A floating eye (shapeshifter) (Depths:1)
  An ogre (Depths:1)
  A centaur (D:14)
  An orc (D:7)
  8 fungi
  2 plants (Lair:1)
22 creatures vanquished.

Grand Total: 1107 creatures vanquished

Notes
Turn   | Place    | Note
-------+----------+-------------------------------------------
     0 | Abyss:1  | Dorkslayer the Demonspawn Abyssal Knight began the quest
                  | for the Orb.
     0 | Abyss:1  | Reached XP level 1. HP: 18/18 MP: 2/2
    31 | Abyss:1  | Found a corrupted altar of Lugonu.
   117 | Abyss:1  | Noticed a large abomination
   119 | D:1      | Escaped the Abyss
   179 | D:1      | Gained mutation: You are partially covered in sharp spines.
                  | [demonic ancestry]
   179 | D:1      | Reached XP level 2. HP: 10/24 MP: 3/3
   208 | D:1      | Reached * piety under Lugonu
  1048 | D:2      | Gained mutation: A weak demonic guardian rushes to your
                  | aid. [demonic ancestry]
  1048 | D:2      | Reached XP level 3. HP: 24/30 MP: 5/5
  1873 | D:2      | Gained mutation: You occasionally shout uncontrollably at
                  | your foes. [potion of mutation]
  1873 | D:2      | Gained mutation: You are dopey. (Int -2) [potion of
                  | mutation]
  1873 | D:2      | Gained mutation: You passively map a small area around you.
                  | [potion of mutation]
  1971 | D:3      | Reached XP level 4. HP: 37/37 MP: 6/6
  1987 | D:3      | Lost mutation: You are dopey. (Int -2) [potion of mutation]
  1987 | D:3      | Lost mutation: You passively map a small area around you.
                  | [potion of mutation]
  1987 | D:3      | Lost mutation: You occasionally shout uncontrollably at
                  | your foes. [potion of mutation]
  1987 | D:3      | Gained mutation: You are resistant to electric shocks.
                  | (rElec) [potion of mutation]
  1987 | D:3      | Gained mutation: Your spells are a little harder to cast,
                  | but a little more powerful. [potion of mutation]
  2058 | D:3      | Noticed Natasha
  2065 | D:3      | Killed Natasha
  2065 | D:3      | Reached skill level 1 in Dodging
  2143 | D:3      | Reached ** piety under Lugonu
  2212 | D:3      | Reached XP level 5. HP: 26/43 MP: 7/7
  2624 | D:4      | Noticed an ogre
  2641 | D:4      | Killed an ogre
  2641 | D:4      | Gained mutation: You are mostly covered in sharp spines.
                  | [demonic ancestry]
  2641 | D:4      | Reached XP level 6. HP: 50/50 MP: 7/9
  2703 | D:4      | Reached skill level 5 in Fighting
  2761 | D:4      | Found a staircase to the Ecumenical Temple.
  2799 | D:4      | Reached XP level 7. HP: 55/56 MP: 10/10
  2869 | D:4      | Found a shadowy altar of Dithmenos.
  2926 | D:4      | Reached *** piety under Lugonu
  3167 | D:4      | Reached skill level 1 in Throwing
  3277 | D:5      | Entered Level 5 of the Dungeon
  3394 | D:5      | Noticed Grinder
  3395 | D:5      | Paralysed by Grinder for 4 turns
  3403 | D:5      | Killed Grinder
  3403 | D:5      | Reached skill level 1 in Shields
  3598 | D:5      | Gained mutation: A demonic guardian rushes to your aid.
                  | [demonic ancestry]
  3598 | D:5      | Reached XP level 8. HP: 64/64 MP: 11/11
  3675 | D:5      | Noticed Dowan
  3675 | D:5      | Noticed Duvessa
  3681 | D:5      | Killed Dowan
  3684 | D:5      | Killed Duvessa
  3684 | D:5      | Reached skill level 2 in Shields
  3875 | D:6      | Reached skill level 5 in Axes
  4114 | D:6      | Reached **** piety under Lugonu
  4256 | D:6      | Reached skill level 3 in Shields
  4417 | D:7      | Gained mutation: Your movements are slightly less
                  | encumbered by armour. (ER -2) [demonic ancestry]
  4417 | D:7      | Reached XP level 9. HP: 58/71 MP: 12/12
  4444 | D:7      | Found a glowing golden altar of the Shining One.
  4603 | D:7      | Found a stormy altar of Qazlal.
  4612 | D:7      | Found a blossoming altar of Fedhas.
  4651 | D:7      | Reached skill level 5 in Armour
  4651 | D:7      | Reached skill level 4 in Shields
  4717 | D:7      | Found a snail-covered altar of Cheibriados.
  4718 | D:7      | Found a sparkling altar of Nemelex Xobeh.
  4718 | D:7      | Found a bloodstained altar of Trog.
  4742 | D:7      | Found a glowing silver altar of Zin.
  4744 | D:7      | Found a hide-covered altar of Uskayaw.
  4744 | D:7      | Found a sacrificial altar of Ru.
  4744 | D:7      | Found an ornate altar of the Wu Jian Council.
  4745 | D:7      | Found a white marble altar of Elyvilon.
  4784 | D:7      | Reached ***** piety under Lugonu
  4931 | D:8      | Reached skill level 5 in Shields
  5113 | D:8      | Noticed a two-headed ogre
  5119 | D:8      | Killed a two-headed ogre
  5153 | D:8      | Noticed a queen bee
  5159 | D:8      | Killed a queen bee
  5159 | D:8      | Reached XP level 10. HP: 69/80 MP: 13/13
  5357 | D:8      | Reached skill level 6 in Shields
  5579 | D:9      | Reached skill level 1 in Evocations
  5655 | D:9      | Noticed a two-headed ogre
  5664 | D:9      | Killed a two-headed ogre
  5664 | D:9      | Reached skill level 7 in Shields
  5690 | D:9      | Found a flagged portal.
  5699 | Bailey   | Entered a bailey
  5840 | Bailey   | Noticed an orc knight
  5959 | Bailey   | Killed an orc knight
  6271 | D:9      | Noticed a two-headed ogre
  6277 | D:9      | Killed a two-headed ogre
  6537 | D:9      | Found a basalt altar of Yredelemnul.
  6537 | D:9      | Found an opulent altar of Gozag.
  6596 | D:10     | Entered Level 10 of the Dungeon
  6635 | D:10     | Noticed a gargoyle
  6641 | D:10     | Killed a gargoyle
  6641 | D:10     | Reached XP level 11. HP: 70/87 MP: 14/14
  7251 | D:10     | Reached skill level 8 in Shields
  7289 | D:10     | Paralysed by a hornet for 3 turns
  7395 | D:10     | Reached ****** piety under Lugonu
  7398 | D:10     | Found a staircase to the Lair.
  7600 | D:10     | Noticed an orc knight
  7603 | D:10     | Noticed an orc warlord
  7613 | D:10     | Noticed a tengu warrior
  7617 | D:10     | Killed an orc knight
  7629 | D:10     | Killed an orc warlord
  7632 | D:10     | Killed a tengu warrior
  7639 | D:10     | Noticed an orc knight
  7663 | D:10     | Killed an orc knight
  7709 | D:10     | Reached skill level 5 in Evocations
  8383 | D:10     | Upgraded the game from 0.24-a0-525-g9231cdc to
                  | 0.24-a0-528-g98e85ec
  8565 | D:11     | Reached skill level 9 in Shields
  8665 | D:11     | Noticed a white ugly thing
  8670 | D:11     | Killed a white ugly thing
  8670 | D:11     | Reached skill level 5 in Invocations
  8808 | D:11     | Noticed Snorg
  8815 | D:11     | Killed Snorg
  8815 | D:11     | Gained mutation: Your movements are less encumbered by
                  | armour. (ER -4) [demonic ancestry]
  8815 | D:11     | Reached XP level 12. HP: 85/95 MP: 14/16
  9222 | D:11     | Noticed Fannar
  9241 | D:11     | Killed Fannar
  9782 | D:11     | Noticed Psyche
  9796 | D:11     | Killed Psyche
 10124 | D:12     | Found a staircase to the Orcish Mines.
 10278 | D:12     | Noticed a tengu warrior
 10287 | D:12     | Killed a tengu warrior
 10313 | D:12     | Noticed a tengu warrior
 10318 | D:12     | Noticed a rakshasa
 10323 | D:12     | Killed a tengu warrior
 10324 | D:12     | Killed a rakshasa
 10667 | D:12     | Noticed an eight-headed hydra
 10671 | D:12     | Killed a seven-headed hydra
 10674 | D:12     | Noticed a two-headed ogre
 10679 | D:12     | Killed a two-headed ogre
 10857 | D:12     | Reached skill level 10 in Fighting
 10932 | D:12     | Found Jacomufa's General Store.
 10941 | D:12     | Bought a scroll of teleportation for 36 gold pieces
 10941 | D:12     | Bought a scroll of blinking for 90 gold pieces
 11087 | Orc:1    | Entered Level 1 of the Orcish Mines
 11088 | Orc:1    | Noticed Erolcha
 11101 | Orc:1    | Killed Erolcha
 11155 | Orc:1    | Reached XP level 13. HP: 103/103 MP: 17/19
 11213 | Orc:1    | Found Fanoust's Jewellery Shop.
 11366 | Orc:1    | Reached skill level 10 in Shields
 11570 | Orc:2    | Entered Level 2 of the Orcish Mines
 11570 | Orc:2    | Noticed Maurice
 11597 | Orc:2    | Killed Maurice
 11660 | Orc:2    | Found a roughly hewn altar of Beogh.
 11749 | Orc:2    | Reached skill level 10 in Axes
 11823 | Orc:2    | Found Ossoruha's Antique Armour Shop.
 11835 | Orc:2    | Found Watylips's Distillery.
 12150 | Orc:2    | Found Zoggo's Weapon Shoppe.
 12159 | Orc:2    | Found Xiened's Jewellery Boutique.
 12170 | Orc:2    | Bought a +5 amulet of reflection for 453 gold pieces
 12194 | Orc:2    | Bought a potion of might for 60 gold pieces
 12194 | Orc:2    | Bought a potion of curing for 45 gold pieces
 12194 | Orc:2    | Bought 2 potions of heal wounds for 150 gold pieces
 12279 | Orc:2    | Found a staircase to the Elven Halls.
 12630 | Lair:1   | Entered Level 1 of the Lair of Beasts
 12839 | Lair:1   | Found a transporter.
 12876 | Lair:1   | Found a transporter.
 13473 | Lair:2   | Found a staircase to the Swamp.
 13708 | Lair:2   | Reached skill level 11 in Shields
 13938 | Lair:2   | Gained mutation: You have sharp fingernails. [demonic
                  | ancestry]
 13938 | Lair:2   | Reached XP level 14. HP: 111/111 MP: 21/21
 13961 | Lair:2   | Got a clouded crystal amulet
 13969 | Lair:2   | Identified the amulet "Veukhi Nuol" {Gourm +Inv rPois Int-2
                  | Dex+2} (You found it on level 2 of the Lair of Beasts)
 14030 | Lair:2   | Found a shimmering altar of Xom.
 14030 | Lair:2   | Noticed Zymi's ghost (journeyman DECj)
 14031 | Lair:2   | Found a runed translucent door.
 14047 | Lair:2   | Killed Zymi's ghost
 14957 | Lair:3   | Got a dazzling hand axe
 14958 | Lair:3   | Identified the cursed +0 hand axe of Peril {chop, rN+
                  | Int+5} (You found it on level 3 of the Lair of Beasts)
 15442 | Lair:4   | Got a crystal broad axe
 15443 | Lair:4   | Identified the +4 broad axe of Imbalance {elec, MR+} (You
                  | found it on level 4 of the Lair of Beasts)
 15694 | Lair:4   | Found a hole to the Spider Nest.
 16646 | Lair:6   | Entered Level 6 of the Lair of Beasts
 16647 | Lair:6   | Found a dark tunnel.
 16660 | Volcano  | Entered a volcano
 16687 | Volcano  | Reached skill level 10 in Invocations
 16841 | Lair:6   | Found a staircase to the Slime Pits.
 17109 | Lair:6   | Identified the +3 troll leather armour of the Griffon
                  | {Regen+ Str+2 Stlth+} (You found it on level 6 of the Lair
                  | of Beasts)
 17145 | Lair:6   | Reached skill level 5 in Dodging
 18000 | Swamp:1  | Entered Level 1 of the Swamp
 18228 | Lair:1   | Got a pair of warped boots
 18229 | Lair:1   | Identified the cursed +0 pair of boots of the Barnacle
                  | {rC++} (You found it on level 1 of the Lair of Beasts)
 18548 | Orc:2    | Bought the ring of Incredulity {Fire +Blink rPois Str+2}
                  | for 521 gold pieces
 18559 | Orc:2    | Bought 2 potions of curing for 90 gold pieces
 18559 | Orc:2    | Bought a potion of curing for 45 gold pieces
 18707 | Orc:1    | Bought a +5 ring of strength for 535 gold pieces
 18798 | D:13     | Found a gate leading to a gauntlet.
 18807 | Gauntlet | Entered a Gauntlet
 18807 | Gauntlet | Found a transporter.
 18810 | Gauntlet | Found a transporter.
 18827 | Gauntlet | Found a transporter.
 18827 | Gauntlet | Found a transporter.
 18839 | Gauntlet | Found a transporter.
 18857 | Gauntlet | Found a transporter.
 18860 | Gauntlet | Found a transporter.
 18864 | Gauntlet | Found a transporter.
 18866 | Gauntlet | Found a runed translucent door.
 18891 | Gauntlet | Found a runed translucent door.
 18892 | Gauntlet | Found a transporter.
 18893 | Gauntlet | Found a runed translucent door.
 18893 | Gauntlet | Found a transporter.
 18897 | Gauntlet | Found a transporter.
 18909 | Gauntlet | Found a transporter.
 18909 | Gauntlet | Noticed a cacodemon
 18960 | Gauntlet | Noticed an acid blob
 18960 | Gauntlet | Noticed a caustic shrike
 18960 | Gauntlet | an acid blob changed into a caustic shrike
 18961 | Gauntlet | Noticed an iron dragon
 18961 | Gauntlet | a caustic shrike changed into an iron dragon
 18964 | Gauntlet | Noticed a titan
 18964 | Gauntlet | an iron dragon changed into a titan
 18966 | Gauntlet | Noticed a juggernaut
 18966 | Gauntlet | a titan changed into a juggernaut
 18967 | Gauntlet | Noticed a shard shrike
 18967 | Gauntlet | a juggernaut changed into a shard shrike
 18968 | Gauntlet | Noticed a juggernaut
 18968 | Gauntlet | a shard shrike changed into a juggernaut
 18978 | Gauntlet | Noticed a shard shrike
 18978 | Gauntlet | a juggernaut changed into a shard shrike
 18993 | Gauntlet | Noticed a juggernaut
 18993 | Gauntlet | a shard shrike changed into a juggernaut
 18994 | Gauntlet | Noticed an iron giant
 18994 | Gauntlet | a juggernaut changed into an iron giant
 19022 | Gauntlet | Noticed a ghost moth
 19022 | Gauntlet | a minotaur changed into a ghost moth
 19030 | Gauntlet | Noticed an emperor scorpion
 19030 | Gauntlet | a ghost moth changed into an emperor scorpion
 19043 | Gauntlet | Noticed an azure jelly
 19043 | Gauntlet | a dire elephant changed into an azure jelly
 19051 | Gauntlet | Noticed a frost giant
 19051 | Gauntlet | an azure jelly changed into a frost giant
 19058 | Gauntlet | Noticed a shadow dragon
 19063 | Gauntlet | Noticed a caustic shrike
 19063 | Gauntlet | a shadow dragon changed into a caustic shrike
 19070 | Gauntlet | Noticed a shadow dragon
 19070 | Gauntlet | a caustic shrike changed into a shadow dragon
 19106 | Gauntlet | Got a pair of ancient boots
 19143 | Gauntlet | Got a pair of brightly glowing boots
 19473 | Gauntlet | Got a smoking trident
 19489 | Gauntlet | Corrupted Gauntlet
 19489 | Gauntlet | Noticed a tentacled starspawn
 19489 | Gauntlet | Noticed a starcursed mass
 19517 | D:13     | Identified the +0 pair of boots of Hairiness {rC+ Str+2}
                  | (You found it in a Gauntlet)
 19530 | D:13     | Identified the +4 pair of boots of the Will of the Gods
                  | {rPois Regen+ Int+4} (You found it in a Gauntlet)
 19744 | D:13     | Gained mutation: Your flesh is heat resistant. (rF+)
                  | [demonic ancestry]
 19744 | D:13     | Reached XP level 15. HP: 110/120 MP: 23/23
 19830 | D:13     | Reached skill level 12 in Shields
 19856 | D:13     | Noticed Nessos
 19861 | D:13     | Killed Nessos
 19911 | D:13     | Noticed Josephine
 19918 | D:13     | Killed Josephine
 19922 | D:13     | Identified the cursed +1 trident of the Vanishing Seas
                  | {speed, Str+4} (You found it in a Gauntlet)
 20122 | D:13     | Noticed Azrael
 20139 | D:13     | Killed Azrael
 20529 | D:14     | Reached skill level 5 in Throwing
 20691 | D:14     | Found a gate to the Vaults.
 21082 | D:15     | Entered Level 15 of the Dungeon
 21242 | D:15     | Got an iridescent long sword
 21243 | D:15     | Identified the +2 long sword of Lant {protect, +Rage Dex+2}
                  | (You found it on level 15 of the Dungeon)
 21506 | D:15     | Noticed Louise
 21520 | D:15     | Killed Louise
 21673 | D:15     | Noticed Jorgrun
 21681 | D:15     | Killed Jorgrun
 21690 | D:15     | Reached skill level 1 in Long Blades
 21794 | D:15     | Found a staircase to the Depths.
 21969 | Depths:1 | Entered Level 1 of the Depths
 21995 | Depths:1 | Found a gateway to a ziggurat.
 22108 | Depths:1 | Found a one-way gate leading to the halls of Pandemonium.
 22137 | Depths:1 | Noticed a tengu reaver
 22152 | Depths:1 | Killed a tengu reaver
 22344 | Depths:1 | Found a gateway to Hell.
 22498 | Depths:1 | Gained mutation: You have very sharp fingernails. [demonic
                  | ancestry]
 22498 | Depths:1 | Reached XP level 16. HP: 110/129 MP: 23/25
 22501 | Depths:1 | Reached skill level 13 in Shields
 22613 | Depths:1 | Noticed a lich
 22625 | Depths:1 | Killed a lich
 22637 | Depths:1 | Reached skill level 10 in Evocations
 22637 | Depths:1 | Gained mutation: You have claws for hands. [demonic
                  | ancestry]
 22637 | Depths:1 | Reached XP level 17. HP: 127/135 MP: 26/26
 22638 | Depths:1 | Lost mutation: Your spells are a little harder to cast, but
                  | a little more powerful. [potion of mutation]
 22638 | Depths:1 | Lost mutation: You are resistant to electric shocks.
                  | (rElec) [potion of mutation]
 22638 | Depths:1 | Gained mutation: Your mind is acute. (Int +2) [potion of
                  | mutation]
 22638 | Depths:1 | Gained mutation: You have a pair of small horns on your
                  | head. [potion of mutation]
 22968 | Depths:2 | Found a sparkling altar of Nemelex Xobeh.
 22977 | Depths:2 | Noticed Sojobo
 23266 | Depths:2 | HP: 4/135 [Sojobo/bolt of lightning (37)]
 23276 | Depths:2 | Killed Sojobo
 23461 | Depths:2 | Found a runed translucent gate.
 23461 | Depths:2 | Found a runed translucent gate.
 23461 | Depths:2 | Found a runed translucent gate.
 23470 | Depths:2 | Found an opulent altar of Gozag.
 23472 | Depths:2 | Noticed Saosysh's ghost (adept MiBe)
 23474 | Depths:2 | Found Fuibera's Assorted Antiques.
 23474 | Depths:2 | Found Nuet's Assorted Antiques.
 23622 | Depths:2 | Killed Saosysh's ghost
 23678 | Depths:2 | Bought a scroll of identify for 60 gold pieces
 23678 | Depths:2 | Bought a scroll of blinking for 225 gold pieces
 23678 | Depths:2 | Bought a scroll of summoning for 285 gold pieces
 23678 | Depths:2 | Bought a scroll of identify for 60 gold pieces
 23684 | Depths:2 | Bought a glowing plate armour for 832 gold pieces
 24049 | Depths:2 | Reached skill level 14 in Shields
 24563 | Depths:2 | Gained mutation: Your movements are significantly less
                  | encumbered by armour. (ER -6) [demonic ancestry]
 24563 | Depths:2 | Reached XP level 18. HP: 142/144 MP: 28/28
 24872 | Depths:2 | Identified the +1 hand crossbow "Ylorupn" {penet, Fragile
                  | rPois MR+++}
 24883 | Depths:2 | Killed from afar by an iron dragon

Levels and vault maps discovered:
D:1:      minmay_arrival_doors, layout_rooms
D:2:      layout_loops_corners, tgw_xom
D:3:      layout_basic, bh_walls_and_bars, uniq_natasha
D:4:      cheibrodos_quashed, layout_loops_ring, minmay_temple_entry_mini_moons,
          nicolae_dithmenos_through_a_glass_darkly
D:5:      layout_gridville, first_ration, hangedman_decor_peaks_small,
          minivault_23, uniq_grinder, uniq_duvessa
D:6:      layout_rooms
D:7:      layout_gridville, grunt_temple_overflow_forces_of_nature,
          grunt_temple_overflow_open, nicolae_tso_besieged_by_evil
D:8:      layout_basic, david_nohive_1, st_stairs_7
D:9:      layout_cave_pools, gammafunk_temple_overflow_statue, enter_bailey_3
D:10:     lemuel_castle_with_subvaults [lemuel_castle_interior_original],
          layout_stronghold, erik_lair_orcish_takeover,
          hangedman_decor_clover_reticule
D:11:     layout_basic, uniq_psyche, uniq_fannar, uniq_snorg
D:12:     layout_gridville, zombieorc2_lemuel, serial_shops, shop, minivault_28
D:13:     layout_loops_ring, gauntlet_entry_generic, grunt_potential,
          uniq_nessos, uniq_josephine, uniq_azrael
D:14:     layout_loops_ring, david_vaults_2, serial_park_avenue1,
          fungi_pond_lemuel
D:15:     gammafunk_enter_depths_forms, layout_cave_pods,
          chequers_serial_rivers_marsh, uniq_jorgrun, uniq_louise
Lair:1:   gammafunk_cloud_chamber, layout_regular_city
Lair:2:   layout_long_grid, swamp_mist, ebering_ghost_xom,
          chequers_serial_rivers_micro_a, serial_bayou_pond_d,
          gammafunk_lair_bear_cave
Lair:3:   layout_cave_pods, serial_forest, infiniplex_forest_corner_1,
          infiniplex_forest_lined_2, infiniplex_forest_clump_medium,
          infiniplex_forest_clump_diagonal, infiniplex_forest_zigzag_2,
          infiniplex_forest_clump_small
Lair:4:   layout_long_grid, spider_nest_entry_web_field
Lair:5:   layout_cave_pods, infiniplex_staircase_pool_2
Lair:6:   hangedman_lair_in_review, layout_regular_city,
          minmay_slime_entry_pillars, nicolae_volcano_entry_lava_flow
Swamp:1:  layout_basic_swamp, nicolae_swamp_trees_clearing, swamp_pool1
Orc:1:    layout_caves, serial_shops, shop, uniq_erolcha
Orc:2:    st_orc_open, layout_caves, basic_altar, uniq_maurice
Depths:1: layout_twisted_cross, enter_ziggurat_a, grunt_pan_entry_spiral,
          grunt_hell_entry_dis_old, drop_trap, serial_bayou_pond_d,
          minmay_misc_feat_ornament, lemuel_flamethrower_2
Depths:2: cheibrodos_leafed_vault, layout_cave_pools, ebering_ghost_gozag,
          nemelex_xobeh_ov_fountains_minmay, grunt_pan_entry_sceptre,
          hell_entry, chequers_serial_rivers_small_b,
          hangedman_cracks_in_the_wall, firewood_loft, uniq_sojobo

Skill      XL: |  1  2  3  4  5  6  7  8  9 10 11 12 13 14 15 16 17 18 |
---------------+-------------------------------------------------------+-----
Armour         | 2 3 4 5 6 7 8 9 |  9.0
Fighting       | 4 5 6 7 8 9 10 11 12 13 | 13.8
Axes           | 2 3 4 5 6 7 8 9 10 11 12 13 | 13.8
Invocations    | 3 4 5 8 9 11 12 13 | 13.6
Dodging        | 1 2 3 4 5 6 |  6.4
Throwing       | 1 2 3 4 5 |  5.7
Shields        | 1 3 5 7 9 11 12 13 14 | 14.3
Evocations     | 3 5 6 7 8 9 10 | 10.8
Long Blades    | 1 |  1.1

Action                   |  1- 3 |  4- 6 |  7- 9 | 10-12 | 13-15 | 16-18 || total
-------------------------+-------+-------+-------+-------+-------+-------++-------
Melee: Hand axe          |    86 |    85 |   252 |    88 |       |       ||   511
       War axe           |       |       |       |   539 |   439 |       ||   978
       Scimitar          |       |       |       |     1 |    24 |       ||    25
       Broad axe         |       |       |       |       |   682 |   391 ||  1073
       Headbutt          |       |       |       |       |       |   101 ||   101
Throw: Boomerang         |       |     5 |    22 |   110 |    49 |       ||   186
       Javelin           |       |       |       |     6 |    31 |    12 ||    49
Invok: Depart the Abyss  |     1 |       |       |       |       |       ||     1
       Corrupt           |       |       |       |       |     1 |       ||     1
Evoke: Wand              |       |       |     1 |    36 |    10 |     2 ||    49
       Phial of floods   |       |       |       |     1 |     1 |       ||     2
  Use: Potion            |     5 |     1 |     1 |     6 |     6 |    20 ||    39
       Scroll            |     4 |     2 |    11 |     9 |    23 |     4 ||    53
 Stab: Distracted        |       |     1 |       |     3 |     8 |     4 ||    16
       Invisible         |       |       |       |       |     2 |     3 ||     5
       Petrified         |       |       |       |       |     3 |       ||     3
       Petrifying        |       |       |       |       |     1 |       ||     1
  Eat: Chunk             |     3 |     3 |     8 |    18 |    19 |     5 ||    56
       Ration            |       |       |       |     4 |     5 |     1 ||    10
Armor: Leather armour    |    21 |     8 |       |       |       |       ||    29
       Chain mail        |       |    42 |   113 |   278 |   321 |    59 ||   813
       Scale mail        |       |       |       |       |     5 |       ||     5
       Plate armour      |       |       |       |       |       |    81 ||    81
Dodge: Dodged            |    58 |    53 |    78 |   320 |   400 |   171 ||  1080
Block: Shield            |       |       |    90 |   423 |   936 |   390 ||  1839
       Reflection        |       |       |       |       |    25 |    14 ||    39
       Rpst.: Scimitar   |       |       |       |       |     1 |       ||     1

Table legend:
 A = Non-vault XP
 B = Vault XP
 C = Vault XP percentage of total XP
 D = Non-vault monster count
 E = Vault monster count
 F = Vault count percentage of total count
                 A         B        C        D         E       F
            +---------+---------+-------+---------+---------+-------
      Total |  133847 |  109917 |  45.1 |     672 |     369 |  35.4
            +---------+---------+-------+---------+---------+-------
        D:1 |      34 |       0 |   0.0 |      17 |       0 |   0.0
        D:2 |      53 |       8 |  13.1 |      20 |       3 |  13.0
        D:3 |     205 |      26 |  11.3 |      35 |       1 |   2.8
        D:4 |     522 |       0 |   0.0 |      24 |       0 |   0.0
        D:5 |     398 |     388 |  49.4 |      16 |       3 |  15.8
        D:6 |     882 |       0 |   0.0 |      18 |       0 |   0.0
        D:7 |    1275 |      46 |   3.5 |      37 |       8 |  17.8
        D:8 |    1839 |     876 |  32.3 |      19 |      16 |  45.7
        D:9 |    3319 |       8 |   0.2 |      36 |       4 |  10.0
       D:10 |    2734 |    6769 |  71.2 |      32 |      73 |  69.5
       D:11 |    2895 |    2422 |  45.6 |      20 |       3 |  13.0
       D:12 |    4764 |    6062 |  56.0 |      32 |      48 |  60.0
       D:13 |    5312 |    6979 |  56.8 |      25 |      23 |  47.9
       D:14 |    4634 |    1532 |  24.8 |      34 |       4 |  10.5
       D:15 |   12128 |    7584 |  38.5 |      32 |      10 |  23.8
     Lair:1 |    7816 |    1013 |  11.5 |      41 |       6 |  12.8
     Lair:2 |    3831 |    1849 |  32.6 |      16 |       5 |  23.8
     Lair:3 |    1214 |       0 |   0.0 |       6 |       0 |   0.0
     Lair:4 |    4597 |       0 |   0.0 |      19 |       0 |   0.0
     Lair:5 |    2004 |       0 |   0.0 |       9 |       0 |   0.0
     Lair:6 |    5217 |   10796 |  67.4 |      23 |      25 |  52.1
    Swamp:1 |    2442 |       0 |   0.0 |      10 |       0 |   0.0
      Orc:1 |    2403 |     940 |  28.1 |      41 |       1 |   2.4
      Orc:2 |    1518 |   12611 |  89.3 |      16 |      38 |  70.4
   Depths:1 |   29820 |    5818 |  16.3 |      47 |      17 |  26.6
   Depths:2 |   31991 |   38478 |  54.6 |      47 |      38 |  44.7
     Bailey |       0 |     804 | 100.0 |       0 |      27 | 100.0
    Volcano |       0 |    2397 | 100.0 |       0 |       9 | 100.0
   Gauntlet |       0 |    2511 | 100.0 |       0 |       7 | 100.0
            +---------+---------+-------+---------+---------+-------
